 Dungeon Crawl Stone Soup version 0.29.1-2-gbd0b4ee654 (webtiles) character file.

Game seed: 16989213719463706368

750 poopandmypants the Cleaver (level 7, -3/93 HPs)
             Began as a Minotaur Berserker on Oct 28, 2022.
             Was a Priest of Trog.
             Slain by a gnoll sergeant
             ... wielding a +6 trident of venom
              (9 damage)
             ... on level 5 of the Dungeon.
             The game lasted 00:06:43 (5969 turns).

poopandmypants the Cleaver (Minotaur Berserker)     Turns: 5969, Time: 00:06:44

Health: -3/93      AC: 10    Str: 23    XL:     7   Next: 48%
Magic:  6/6        EV:  9    Int:  4    God:    Trog [***...]
Gold:   160        SH:  0    Dex: 14    Spells: 6/6 levels left

rFire   . . .      SeeInvis .   y - +2 war axe (flame)
rCold   . . .      Faith    +   (no shield)
rNeg    + . .      Spirit   .   C - +0 chain mail
rPois   +          Reflect  .   (helmet restricted)
rElec   .          Harm     .   t - +0 cloak of Undesirable Species {Rampage rPois Dex+4}
rCorr   .          Rampage  +   (no gloves)
Will    +....                   (no boots)
Stlth   ..........              d - amulet of faith
HPRegen 0.25/turn               k - ring of willpower
MPRegen 0.10/turn               n - ring of positive energy

@: berserking (expiring), lethally poisoned (-3 -> -8), very quick
A: horns 2, retaliatory headbutt
a: Renounce Religion, Berserk, Trog's Hand


You were on level 5 of the Dungeon.
You worshipped Trog.
Trog was most pleased with you.
You visited 1 branch of the dungeon, and saw 5 of its levels.

You collected 210 gold pieces.
You spent 50 gold pieces at shops.

Inventory:

Hand Weapons
 a - a +0 hand axe
 j - a +0 war axe
 y - a +2 war axe of flaming (weapon)
Armour
 b - a +0 animal skin
 t - the +0 cloak of Undesirable Species (worn) {Rampage rPois Dex+4}
   (You found it on level 4 of the Dungeon)

   Dex:       It affects your dexterity (+4).
   rPois:     It protects you from poison.
   Rampage:   It bestows one free step when moving towards enemies.
 w - a +0 leather armour
 C - a +0 chain mail (worn)
Jewellery
 d - an amulet of faith (around neck)
 k - a ring of willpower (left hand)
 n - a ring of positive energy (right hand)
Wands
 A - a wand of polymorph (8)
 B - a wand of roots (6)
Scrolls
 c - 4 scrolls of poison {unknown}
 e - a scroll of blinking {unknown}
 h - a scroll of teleportation {unknown}
 i - 2 scrolls of identify {unknown}
 o - a scroll of fog {unknown}
 s - a scroll of enchant armour {unknown}
 x - a scroll of silence {unknown}
Potions
 f - a potion of cancellation {unknown}
 g - 3 potions of haste {unknown}
 l - 2 potions of lignification {unknown}
 m - 2 potions of mutation {unknown}
 p - a potion of attraction {unknown}
 q - 3 potions of heal wounds
 r - 3 potions of curing {unknown}
 u - a potion of flight {unknown}
 v - a potion of might {unknown}
 z - 2 potions of invisibility {unknown}
 D - a potion of berserk rage {unknown}


   Skills:
 * Level 5.9 Fighting
 * Level 8.0 Axes
 * Level 4.3 Armour
 + Level 3.3 Dodging
 + Level 1.2 Stealth


You had 6 spell levels left.
You didn't know any spells.
Your spell library contained the following spells:

 Spells                   Type           Power      Damage    Failure   Level
 Summon Small Mammal      Summ           0%         N/A       99%         1
 Call Canine Familiar     Summ           0%         N/A       100%        3
 Summon Guardian Golem    Hex/Summ       0%         N/A       100%        3


Dungeon Overview and Level Annotations

Branches:
Dungeon (5/15)
 Temple: D:4-7

Altars:
Cheibriados
Elyvilon
Fedhas
Gozag
Makhleb
Wu Jian
Zin

Shops:
D:4 !


Innate Abilities, Weirdness & Mutations

You have a pair of horns on your head.
You reflexively headbutt those who attack you in melee.


Message History

You are too injured to fight recklessly!
You are too injured to fight recklessly!
You closely miss the gnoll.
The gnoll is lightly wounded.
You barely miss the gnoll. You slash the adder! You burn the adder.
You kill the adder!
Trog accepts your kill.
You feel very sick.
You slash the gnoll! You burn the gnoll.
You kill the gnoll!
Trog accepts your kill.
You hit the gnoll. You burn the gnoll.
You feel very sick.
The gnoll sergeant hits you from afar with a +6 trident of venom.
The gnoll hits you but does no damage.
You slash the gnoll! You burn the gnoll.
You kill the gnoll!
Trog accepts your kill.
You closely miss the gnoll.
You feel sick. The gnoll sergeant barely misses you. The gnoll misses you.
The gnoll barely misses you.
Your Axes skill increases to level 8!
You slash the gnoll! You burn the gnoll.
You kill the gnoll!
Trog accepts your kill.
You completely miss the gnoll.
You feel sick. The gnoll sergeant barely misses you.
The gnoll hits you but does no damage.
You barely miss the gnoll.
You feel sick.
You barely miss the gnoll.
You feel sick.
The gnoll sergeant hits you from afar with a +6 trident of venom!
* * * LOW HITPOINT WARNING * * *
The gnoll hits you with a +0 whip.
* * * LOW HITPOINT WARNING * * *
The gnoll hits you from afar with a +0 spear.
* * * LOW HITPOINT WARNING * * *
You barely miss the gnoll. Your headbutt misses the gnoll.
* * * LOW HITPOINT WARNING * * *
You feel sick.
The gnoll sergeant hits you from afar with a +6 trident of venom!
You die...

#+### ###...####+
#..........
#..........
#....g.....
#..g†g..... #@)..#
#'###########
#......+....
#......#...
#......#..
#####'##.#########
#...##.#........
#......#.)......
#......#..).....


You could see a gnoll sergeant and 2 gnolls.

Vanquished Creatures
  Duvessa (D:5)
  Blork the orc (D:4)
  A scorpion (D:4)
  A necrophage (D:4)
  Dowan (D:5)
  2 vampire bats (D:3)
  A hound (D:3)
  Crazy Yiuf (D:2)
  Terence (D:3)
  An iguana (D:4)
  An orc wizard (D:4)
  4 gnolls
  4 adders
  3 worms
  4 dart slugs
  12 orcs
  7 ball pythons
  11 bats
  7 endoplasms
  5 giant cockroaches
  4 goblins
  5 hobgoblins
  2 jackals (D:1)
  4 quokkas
  4 frilled lizards
  8 kobolds
  6 rats
102 creatures vanquished.

Notes
Turn   | Place    | Note
-------+----------+-------------------------------------------
     0 | D:1      | poopandmypants the Minotaur Berserker began the quest for
                  | the Orb.
     0 | D:1      | Reached XP level 1. HP: 19/19 MP: 0/0
   323 | D:1      | Reached XP level 2. HP: 27/27 MP: 1/1
   507 | D:1      | Reached skill level 4 in Axes
   752 | D:1      | Reached XP level 3. HP: 33/33 MP: 2/2
  1239 | D:2      | Reached ** piety under Trog
  1517 | D:2      | Found a faded altar of an unknown god.
  1517 | D:2      | Noticed a red devil
  1774 | D:2      | Found a runed translucent door.
  1775 | D:2      | Noticed Crazy Yiuf
  1784 | D:2      | Killed Crazy Yiuf
  1785 | D:2      | Reached skill level 5 in Axes
  1785 | D:2      | Reached XP level 4. HP: 15/41 MP: 3/3
  2312 | D:3      | Found an ornate altar of the Wu Jian Council.
  2934 | D:3      | Found a faded altar of an unknown god.
  2938 | D:3      | Found a glowing silver altar of Zin.
  3038 | D:3      | Reached XP level 5. HP: 27/47 MP: 4/4
  3357 | D:3      | Found a white marble altar of Elyvilon.
  3373 | D:3      | Noticed Terence
  3381 | D:3      | Killed Terence
  3606 | D:3      | Reached skill level 6 in Axes
  3610 | D:3      | Reached *** piety under Trog
  3616 | D:3      | Reached skill level 5 in Fighting
  3616 | D:3      | Reached XP level 6. HP: 40/56 MP: 5/5
  3888 | D:4      | Found a burning altar of Makhleb.
  3890 | D:4      | Found an opulent altar of Gozag.
  3890 | D:4      | Found a snail-covered altar of Cheibriados.
  3930 | D:4      | Found a blossoming altar of Fedhas.
  3961 | D:4      | Identified the +0 cloak of Undesirable Species {Rampage
                  | rPois Dex+4}
  4251 | D:4      | Reached skill level 1 in Stealth
  4254 | D:4      | Reached skill level 7 in Axes
  4370 | D:4      | Noticed Blork the orc
  4376 | D:4      | Killed Blork the orc
  4645 | D:4      | Found Mynedd's Distillery.
  4676 | D:4      | Reached XP level 7. HP: 57/61 MP: 6/6
  4693 | D:4      | Bought a potion of heal wounds for 50 gold pieces
  5584 | D:5      | Entered Level 5 of the Dungeon
  5621 | D:5      | Noticed Duvessa
  5621 | D:5      | Noticed Dowan
  5627 | D:5      | Killed Dowan
  5635 | D:5      | Killed Duvessa
  5966 | D:5      | Reached skill level 8 in Axes
  5969 | D:5      | Slain by a gnoll sergeant

Illustrated notes

Levels and vault maps discovered:
D:1:      lemuel_arrival_broad_hall, layout_basic, grunt_decor_resistance,
          nicolae_concentric_dashed_squares_wild
D:2:      layout_basic, dreamdust_ecumenical_altar_sealed_demon,
          uniq_crazy_yiuf_cottage
D:3:      minmay_angry_zag, layout_loops_ring, nicolae_wu_jian_wuxing_cycle,
          elyvilon_altar_3, nicolae_overflow_ecumenical_swirl,
          grunt_ministairs_12, minmay_fountain_box, roderic_batcave,
          uniq_terence
D:4:      layout_cave_pods, grunt_temple_overflow_open, serial_shops,
          nicolae_shop_advertising_works [nicolae_subvault_shop_adworks],
          serial_rivers, chequers_serial_rivers_small_b,
          chequers_serial_rivers_micro_d, chequers_serial_rivers_large_b,
          chequers_serial_rivers_room_a, minmay_bisected, uniq_blork_the_orc
D:5:      layout_gridville, doesnt_xom_only_xom, uniq_ijyb, uniq_duvessa

Skill      XL: |  1  2  3  4  5  6  7 |
---------------+----------------------+-----
Fighting       | 4 5 |  5.9
Axes           | 4 5 6 7 8 |  8.0
Armour         | 3 4 |  4.3
Dodging        | 3 |  3.3
Stealth        | 1 |  1.2

Action                   |  1- 3 |  4- 6 |  7- 9 || total
-------------------------+-------+-------+-------++-------
Melee: Hand axe          |    56 |       |       ||    56
       Headbutt          |    13 |    12 |     5 ||    30
       War axe           |    17 |    97 |    32 ||   146
       Punch             |       |     1 |       ||     1
Invok: Berserk           |     1 |     2 |     2 ||     5
 Stab: Sleeping          |     1 |     2 |       ||     3
Armor: Animal skin       |    14 |    11 |       ||    25
       Leather armour    |       |     1 |     4 ||     5
       Chain mail        |       |       |     9 ||     9
Dodge: Dodged            |    43 |    71 |    20 ||   134
